 Dungeon Crawl Stone Soup version 0.19-a0-1513-gf6d23ed (webtiles) character file.

1610 Kidiri the Thaumaturge (level 8, -2/44 HPs)
             Began as a Deep Elf Fire Elementalist on Sept 12, 2016.
             Was an Initiate of Vehumet.
             Slain by a cyan ugly thing (15 damage)
             ... on level 6 of the Dungeon.
             The game lasted 00:20:55 (9409 turns).

Kidiri the Thaumaturge (Deep Elf Fire Elementalist) Turns: 9409, Time: 00:21:01

Health: -2/44      AC:  7    Str:  5    XL:     8   Next: 63%
Magic:  13/20      EV: 15    Int: 23    God:    Vehumet [......]
Gold:   353        SH:  0    Dex: 18    Spells: 7 memorised, 3 levels left

rFire  . . .     SeeInvis .     D - +0 dagger (elec)
rCold  . . .     Gourm    .     a - +0 robe
rNeg   + . .     Faith    .     (no shield)
rPois  .         Spirit   .     o - +1 helmet
rElec  .         Dismiss  .     (no cloak)
rCorr  .         Reflect  .     n - +1 pair of gloves
MR     .....     Harm     .     (no boots)
Stlth  ++........ Clarity  +    p - amulet of magic regeneration
                                d - +3 ring of dexterity
                                f - ring of positive energy

@: no status effects
A: clarity, low mp 1, shaggy fur 1
a: Renounce Religion


You were on level 6 of the Dungeon.
You worshipped Vehumet.
Vehumet was noncommittal.
You were near starving.

You visited 2 branches of the dungeon, and saw 7 of its levels.
You also visited: Ossuary.

You collected 353 gold pieces.

Inventory:

Hand Weapons
 D - a +0 dagger of electrocution (weapon)
Armour
 a - a +0 robe (worn)
 n - a +1 pair of gloves (worn)
 o - a +1 helmet (worn)
 y - a +0 shield
Jewellery
 d - a +3 ring of dexterity (right hand)
 f - a ring of positive energy (left hand)
 g - an uncursed ring of stealth
 i - an uncursed ring of resist corrosion
 p - an amulet of magic regeneration (around neck)
 w - an uncursed ring of protection from magic
Wands
 k - a wand of slowing (38/48)
 u - a wand of disintegration (9/24)
 C - a wand of random effects (31/48)
Scrolls
 m - 5 scrolls of remove curse
 q - a scroll of amnesia
 t - 2 scrolls of blinking
 v - a scroll of recharging
 E - a scroll of teleportation
Potions
 e - a potion of magic
 h - 3 potions of cancellation
 l - 4 potions of brilliance
 r - 3 potions of resistance
 s - 2 potions of curing
 z - 4 potions of lignification {unknown}
 B - 2 potions of cure mutation
Books
 b - a book of Flames

   Spells                             Type                      Level
   a - Flame Tongue                   Conjuration/Fire             1
   b - Throw Flame                    Conjuration/Fire             2
   c - Conjure Flame                  Conjuration/Fire             3
   d - Inner Flame                    Hexes/Fire                   3
   e - Sticky Flame                   Conjuration/Fire             4
   f - Fireball                       Conjuration/Fire             5
 x - a book of the Tempests

   Spells                             Type                      Level
   a - Static Discharge               Conjuration/Air              3
   b - Lightning Bolt                 Conjuration/Air              5
   c - Fireball                       Conjuration/Fire             5
   d - Tornado                        Air                          9
   e - Shatter                        Earth                        9
Comestibles
 c - 4 bread rations
 j - a beef jerky


   Skills:
 + Level 1.7 Fighting
 + Level 2.2 Short Blades
 + Level 1.9 Armour
 + Level 4.1 Dodging
 - Level 2.4 Stealth
 + Level 1.2 Shields
 * Level 8.8 Spellcasting
 + Level 4.9 Conjurations
 + Level 5.7 Fire Magic
 + Level 1.6 Air Magic
 + Level 2.3 Evocations


You had 3 spell levels left.
You knew the following spells:

 Your Spells              Type           Power        Failure   Level  Hunger
a - Flame Tongue          Conj/Fire      ####.        1%          1    None
b - Throw Flame           Conj/Fire      ####..       1%          2    None
c - Conjure Flame         Conj/Fire      ####....     1%          3    None
d - Inner Flame           Hex/Fire       ###.....     8%          3    None
e - Sticky Flame          Conj/Fire      ####....     10%         4    ##.....
f - Fireball              Conj/Fire      ####......   21%         5    ####...
g - Static Discharge      Conj/Air       ####....     8%          3    None


Dungeon Overview and Level Annotations

Branches:
Dungeon (6/15)             Temple (1/1) D:6

Altars:
Ashenzari
Dithmenos
Elyvilon
Fedhas
Gozag
Hepliaklqana
Kikubaaqudgha
Makhleb
Nemelex Xobeh
Okawaru
Qazlal
Ru
Sif Muna
Trog
Uskayaw
Vehumet
Xom
Zin
The Shining One


Innate Abilities, Weirdness & Mutations

You possess an exceptional clarity of mind.
Your magical capacity is low. (-10% MP)
You are covered in fur. (AC +1)


Message History

Press: ? - help, Shift-Dir - straight line, f/p - hungry ghost
Aim: a hungry ghost (almost destroyed)
The flame tongue hits the hungry ghost.
You destroy the hungry ghost!
Vehumet accepts your kill.
Your Dodging skill increases to level 4!
The cyan ugly thing tail-slaps you. The cyan ugly thing shocks you!
Casting: Flame Tongue
Confirm with . or Enter, or press ? or * to list all spells.
Aiming: Sticky Flame
Press: ? - help, Shift-Dir - straight line, f - cyan ugly thing
Aim: a cyan ugly thing The sticky flame hits the cyan ugly thing.
The cyan ugly thing is lightly wounded.
The cyan ugly thing is covered in liquid flames!
You are near starving!
The cyan ugly thing burns!
The cyan ugly thing tail-slaps you!
* * * LOW HITPOINT WARNING * * *
The cyan ugly thing shocks you!
You die...

#.##.##
#.#...####
#........+
##.#...####
##.....##
#.....##
##.#####
#.## )#
#.#@##.#
####u.#
#.#.#
#..#.#
..##.## ..#
### # ...
.##


You could see a cyan ugly thing (burning).

Vanquished Creatures
  A hungry ghost (D:6)
  Menkaure (D:4)
  Edmund (D:5)
  2 ice beasts
  A phantom (D:6)
  An ogre (D:4)
  A giant frog (D:6)
  4 water moccasin zombies (Ossuary)
  A howler monkey (D:6)
  A giant frog zombie (D:6)
  A centaur skeleton (D:4)
  3 worker ants
  3 orc wizards (D:3)
  2 big kobold zombies (Ossuary)
  A hound skeleton (D:4)
  A hound zombie (D:6)
  2 mummies (Ossuary)
  Robin (D:2)
  9 adders
  A shadow imp (D:6)
  An ooze (D:3)
  5 adder zombies (Ossuary)
  A worm (D:3)
  4 dart slugs
  4 giant geckos
  7 orcs
  A ball python (D:2)
  8 bats
  9 giant cockroaches
  21 goblins
  11 hobgoblins
  8 jackals
  4 quokkas
  2 ball python skeletons (D:4)
  A giant cockroach zombie (D:5)
  5 giant newts
  5 hobgoblin zombies (Ossuary)
  A jackal skeleton (D:4)
  7 kobolds
  4 kobold zombies (Ossuary)
  5 orc zombies (Ossuary)
  3 rats
155 creatures vanquished.

Vanquished Creatures (others)
  The ghost of rlgrobin the Ducker, a weakling SpGl (Ossuary)
  A hobgoblin zombie (Ossuary)
  A kobold zombie (Ossuary)
3 creatures vanquished.

Grand Total: 158 creatures vanquished

Notes
Turn   | Place    | Note
-------+----------+-------------------------------------------
     0 | D:1      | Kidiri the Deep Elf Fire Elementalist began the quest for the Orb.
     0 | D:1      | Reached XP level 1. HP: 10/10 MP: 6/6
   586 | D:1      | Reached XP level 2. HP: 9/15 MP: 5/8
   592 | D:1      | Learned a level 2 spell: Throw Flame
  1701 | D:1      | Reached XP level 3. HP: 19/19 MP: 10/10
  1706 | D:1      | Learned a level 3 spell: Conjure Flame
  1710 | D:1      | Learned a level 3 spell: Inner Flame
  1929 | D:2      | Reached skill level 4 in Spellcasting
  1954 | D:2      | Found a deep blue altar of Sif Muna.
  2674 | D:2      | Reached XP level 4. HP: 12/24 MP: 3/12
  2745 | D:2      | Noticed Robin
  3107 | D:2      | Killed Robin
  3622 | D:2      | Reached skill level 5 in Spellcasting
  3809 | D:3      | Learned a level 4 spell: Sticky Flame
  3980 | D:3      | Reached XP level 5. HP: 28/28 MP: 11/14
  4444 | D:3      | Reached skill level 6 in Spellcasting
  4593 | D:3      | Reached XP level 6. HP: 13/32 MP: 9/17
  5147 | D:4      | Noticed Menkaure
  5151 | D:4      | Killed Menkaure
  5166 | D:4      | Learned a level 5 spell: Fireball
  5180 | D:4      | Reached skill level 5 in Fire Magic
  5361 | D:4      | Reached skill level 7 in Spellcasting
  5458 | D:4      | Reached XP level 7. HP: 37/37 MP: 14/19
  5735 | D:4      | Got a pitted scale mail
  5747 | D:4      | Identified the +2 scale mail of Dawn {rF- rN+++ Int-3 Dex+6} (You found it on level 4 of the Dungeon)
  5787 | D:5      | Entered Level 5 of the Dungeon
  5793 | D:5      | Gained mutation: Your magical capacity is low. (-10% MP) [potion of mutation]
  5793 | D:5      | Gained mutation: You are covered in fur. (AC +1) [potion of mutation]
  5793 | D:5      | Gained mutation: You possess an exceptional clarity of mind. [potion of mutation]
  5812 | D:5      | Found a burning altar of Makhleb.
  5835 | D:5      | Found a sand-covered staircase.
  5844 | Ossuary  | Entered an ossuary
  6195 | Ossuary  | Killed rlgrobin's ghost
  6419 | Ossuary  | Reached skill level 1 in Fighting
  6435 | Ossuary  | Reached skill level 1 in Short Blades
  6435 | Ossuary  | Reached skill level 1 in Armour
  7053 | Ossuary  | Reached skill level 1 in Evocations
  7621 | D:5      | Noticed Edmund
  7636 | D:5      | Killed Edmund
  7832 | D:5      | Reached skill level 8 in Spellcasting
  7832 | D:5      | Reached XP level 8. HP: 43/43 MP: 14/20
  8065 | D:5      | Found a stormy altar of Qazlal.
  8196 | D:5      | Found a blossoming altar of Fedhas.
  8347 | D:5      | Learned a level 3 spell: Static Discharge
  8526 | D:6      | Found a shadowy altar of Dithmenos.
  8654 | D:6      | Found a shimmering altar of Xom.
  8930 | D:6      | Reached skill level 1 in Shields
  8930 | D:6      | Reached skill level 1 in Air Magic
  9039 | D:6      | Found a staircase to the Ecumenical Temple.
  9046 | Temple   | Entered the Ecumenical Temple
  9137 | Temple   | Became a worshipper of Vehumet
  9400 | D:6      | Noticed a cyan ugly thing
  9409 | D:6      | Slain by a cyan ugly thing

Vault maps used:
D:1:      kilobyte_arrival_exit_the_forest
D:2:      kennysheep_goblin_castle, lemuel_blue_sif_altar,
          minmay_misc_feat_roman
D:3:      feat_on_display
D:4:      hangedman_abyss_or_decor_stabs, minivault_26, uniq_menkaure
D:5:      nicolae_qazlal_general_emergency, kennysheep_mini, first_bread,
          nicolae_ossuary_entry_monument, fedhas_altar_3, uniq_edmund
D:6:      minmay_cornered_nines, lemuel_crystal_altar,
          nicolae_dithmenos_through_a_glass_darkly
Temple:   nicolae_temple_great_sept
Ossuary:  ossuary_tomb_2

Skill      XL: |  1  2  3  4  5  6  7  8 |
---------------+-------------------------+-----
Fire Magic     | 4 5 |  5.7
Spellcasting   | 4 5 6 7 8 |  8.8
Conjurations   | 2 3 4 |  4.9
Fighting       | 1 |  1.7
Dodging        | 3 4 |  4.1
Short Blades   | 1 2 |  2.2
Armour         | 1 |  1.9
Evocations     | 1 2 |  2.3
Shields        | 1 |  1.2
Air Magic      | 1 |  1.6
Stealth        | |  2.4

Action                   |  1- 3 |  4- 6 |  7- 9 || total
-------------------------+-------+-------+-------++-------
Melee: Club              |    13 |       |       ||    13
       Dagger            |    16 |    27 |   105 ||   148
 Cast: Flame Tongue      |    60 |    76 |    58 ||   194
       Throw Flame       |     8 |    17 |    12 ||    37
       Conjure Flame     |       |     6 |     5 ||    11
       Inner Flame       |       |     3 |       ||     3
       Sticky Flame      |       |     2 |    13 ||    15
  Use: Scroll            |     3 |     6 |    11 ||    20
       Potion            |       |     3 |     1 ||     4
 Stab: Sleeping          |     9 |     7 |     4 ||    20
  Eat: Chunk             |     5 |    10 |     2 ||    17
       Fruit             |       |       |     4 ||     4
       Bread ration      |       |       |     1 ||     1
       Pizza             |       |       |     1 ||     1
       Beef jerky        |       |       |     1 ||     1
Armor: Robe              |     6 |    24 |    43 ||    73
Dodge: Dodged            |    45 |    56 |    86 ||   187
